 Dungeon Crawl Stone Soup version 0.28.0-43-g3370ac3207 (webtiles) character file.

Game seed: 2862724092367288757

229 dianekeaton the Cudgeller (level 5, -4/45 HPs)
             Began as a Minotaur Berserker on Mar 11, 2022.
             Was a Believer of Trog.
             Succumbed to a scorpion's poison
             ... on level 4 of the Dungeon.
             The game lasted 00:06:27 (2847 turns).

dianekeaton the Cudgeller (Minotaur Berserker)      Turns: 2847, Time: 00:06:28

Health: -4/45      AC:  8    Str: 23    XL:     5   Next: 71%
Magic:  4/4        EV:  8    Int:  4    God:    Trog [**....]
Gold:   460        SH:  0    Dex: 10    Spells: 4/4 levels left

rFire   . . .      SeeInvis .   a - +0 mace (protect)
rCold   . . .      Faith    .   (no shield)
rNeg    . . .      Spirit   .   d - +0 chain mail
rPois   .          Reflect  .   (helmet restricted)
rElec   .          Harm     .   (no cloak)
rCorr   .          Rampage  .   (no gloves)
Will    ++...                   (no boots)
Stlth   ..........              (no amulet)
HPRegen 1.15/turn               (no ring)
MPRegen 0.09/turn               (no ring)

@: lethally poisoned (-4 -> -16), strong-willed, on berserk cooldown,
regenerating, slowed, very slow
A: horns 2, retaliatory headbutt
a: Renounce Religion, Berserk, Trog's Hand


You were on level 4 of the Dungeon.
You worshipped Trog.
Trog was pleased with you.
You visited 1 branch of the dungeon, and saw 4 of its levels.

You collected 460 gold pieces.

Inventory:

Hand Weapons
 a - a +0 mace of protection (weapon)
 j - a +4 quarterstaff of chaos
Armour
 d - a +0 chain mail (worn)
Jewellery
 c - a ring of ice
Scrolls
 h - 3 scrolls of identify
 i - a scroll of brand weapon
Potions
 b - a potion of lignification


   Skills:
 - Level 3.6 Fighting
 + Level 7.8 Maces & Flails
 - Level 2.4 Armour
 - Level 2.1 Dodging


You had 4 spell levels left.
You didn't know any spells.
Your spell library was empty.

Dungeon Overview and Level Annotations

Branches:
Dungeon (4/15)
 Temple: D:4-7

Altars:


Innate Abilities, Weirdness & Mutations

You have a pair of horns on your head.
You reflexively headbutt those who attack you in melee.


Message History

Things that are here:
a +0 whip; an orc corpse You start resting.
A scorpion comes into view.
A scorpion is nearby!
You completely miss the scorpion. You headbutt the scorpion.
The scorpion is lightly wounded.
The scorpion stings you. x2
You are poisoned.
The scorpion poisons you!
You hit the scorpion but do no damage.
Your weapon exudes an aura of protection.
The scorpion is lightly wounded.
You feel very sick.
The scorpion stings you but does no damage.
The scorpion closely misses you.
You barely miss the scorpion.
The scorpion is lightly wounded.
You feel sick. The scorpion stings you.
* * * LOW HITPOINT WARNING * * *
You are lethally poisoned!
The scorpion poisons you!
You barely miss the scorpion. Your headbutt misses the scorpion.
The scorpion is lightly wounded.
* * * LOW HITPOINT WARNING * * *
You feel very sick. The scorpion barely misses you. You furiously retaliate!
You headbutt the scorpion. The scorpion closely misses you.
You furiously retaliate!
You headbutt the scorpion.
Your skin crawls.
You feel strong-willed.
* * * LOW HITPOINT WARNING * * *
You feel very sick. The scorpion stings you.
* * * LOW HITPOINT WARNING * * *
You are more poisoned.
The scorpion poisons you! The scorpion barely misses you.
You barely miss the scorpion. Your headbutt misses the scorpion.
The scorpion is heavily wounded.
You die...

. .####
....#
###.#.####
#.@s(.....
#.)..####.
#<#..#
#..[.#
#†##.#
#..#.#
##.#.#
.#.# .#..


You could see a scorpion.

Vanquished Creatures
  A hound (D:4)
  4 orc priests
  Crazy Yiuf (D:2)
  An adder (D:2)
  A worm (D:2)
  3 orcs
  3 ball pythons
  An endoplasm (D:2)
  A giant cockroach (D:1)
  4 goblins (D:1)
  7 hobgoblins
  4 jackals (D:2)
  A quokka (D:1)
  A bat (D:1)
  2 frilled lizards (D:1)
  3 kobolds
  5 rats
43 creatures vanquished.

Vanquished Creatures (others)
  2 fungi (D:1)
  2 plants (D:1)
4 creatures vanquished.

Grand Total: 47 creatures vanquished

Notes
Turn   | Place    | Note
-------+----------+-------------------------------------------
     0 | D:1      | dianekeaton the Minotaur Berserker began the quest for the
                  | Orb.
     0 | D:1      | Reached XP level 1. HP: 19/19 MP: 0/0
   142 | D:1      | Reached skill level 4 in Maces & Flails
   151 | D:1      | Reached XP level 2. HP: 13/26 MP: 1/1
   525 | D:1      | Found a faded altar of an unknown god.
   719 | D:1      | Reached skill level 5 in Maces & Flails
  1041 | D:2      | Found a runed translucent door.
  1042 | D:2      | Noticed Crazy Yiuf
  1235 | D:2      | Reached XP level 3. HP: 31/31 MP: 2/2
  1246 | D:2      | Reached ** piety under Trog
  1745 | D:2      | Killed Crazy Yiuf
  1865 | D:2      | Identified a scroll of acquirement
  1865 | D:2      | Acquired 380 gold pieces
  1930 | D:2      | Reached skill level 6 in Maces & Flails
  1930 | D:2      | Reached XP level 4. HP: 8/39 MP: 3/3
  2446 | D:2      | Reached skill level 7 in Maces & Flails
  2446 | D:2      | Reached XP level 5. HP: 30/45 MP: 4/4
  2846 | D:4      | HP: 2/45 [scorpion (2)]
  2847 | D:4      | Succumbed to a scorpion's poison

Illustrated notes

Levels and vault maps discovered:
D:1:      dpeg_arrival_rooms_c, layout_rooms,
          shapermc_ecumenical_altar_mp_urbaneastern
D:2:      layout_loops_ring, kennysheep_small_spiral, minmay_misc_feat_five,
          mrwooster_statue_mirror, kennysheep_cross_bottleneck,
          uniq_crazy_yiuf_cottage
D:3:      layout_basic, kennysheep_potato
D:4:      layout_basic, lemuel_round_altar

Skill      XL: |  1  2  3  4 |
---------------+-------------+-----
Maces & Flails | 4 5 6 7 |  7.8
Fighting       | |  3.6
Armour         | |  2.4
Dodging        | |  2.1

Action                   |  1- 3 |  4- 6 || total
-------------------------+-------+-------++-------
Melee: Mace              |    68 |    46 ||   114
       Headbutt          |     5 |     8 ||    13
       Punch             |     1 |       ||     1
Invok: Berserk           |     2 |     3 ||     5
       Trog's Hand       |       |     1 ||     1
  Use: Scroll            |     5 |       ||     5
Armor: Animal skin       |    11 |       ||    11
       Ring mail         |    11 |    14 ||    25
       Chain mail        |       |     5 ||     5
Dodge: Dodged            |    47 |    22 ||    69
